 Dungeon Crawl Stone Soup version 0.22-a0-224-g8cf3520 (webtiles) character file.

29 KristoblXynda the Slasher (level 3, 0/29 HPs)
             Began as a Draconian Gladiator on Feb 19, 2018.
             Slain by Natasha (1 damage)
             ... on level 2 of the Dungeon.
             The game lasted 00:01:38 (1059 turns).

KristoblXynda the Slasher (Draconian Gladiator)     Turns: 1059, Time: 00:01:40

Health: 0/29       AC:  6    Str: 16    XL:     3   Next: 1%
Magic:  3/3        EV: 13    Int:  9    God:
Gold:   36         SH:  0    Dex: 12    Spells: 2/2 levels left

rFire    . . .     SeeInvis .   a - +0 long sword
rCold    . . .     Gourm    .   (no shield)
rNeg     . . .     Faith    .   (armour unavailable)
rPois    .         Spirit   .   b - +0 hat
rElec    .         Reflect  .   l - +0 cloak
rCorr    .         Harm     .   (no gloves)
MR       .....                  (no boots)
Stlth    +.........             (no amulet)
HPRegen  0.09/turn              (no ring)
MPRegen  0.08/turn              (no ring)

@: flying
A: unfitting armour, cold-blooded, AC +5
a: no special abilities


You were on level 2 of the Dungeon.
You were hungry.

You visited 1 branch of the dungeon, and saw 2 of its levels.

You collected 36 gold pieces.

Inventory:

Hand Weapons
 a - a +0 long sword (weapon)
Missiles
 c - 3 throwing nets (quivered)
Armour
 b - a +0 hat (worn)
 l - a +0 cloak (worn)
Scrolls
 e - 2 scrolls of identify {unknown}
 f - a scroll of remove curse {unknown}
Potions
 g - a potion of lignification {unknown}
 h - a potion of haste {unknown}
 i - a potion of flight
 j - a potion of heal wounds {unknown}
Comestibles
 d - 4 rations
 k - 4 chunks of flesh


   Skills:
 - Level 2.1 Fighting
 * Level 3.7 Long Blades
 - Level 2.0 Throwing
 + Level 3.1 Dodging


You had 2 spell levels left.
You didn't know any spells.

Dungeon Overview and Level Annotations

Branches:
Dungeon (2/15)

Altars:

Annotations:
D:2 Natasha


Innate Abilities, Weirdness & Mutations

Your plain brown scales are hard. (AC +5)
You cannot fit into any form of body armour.
You are cold-blooded and may be slowed by cold attacks.


Message History

You barely miss Natasha.
You feel yourself speed up. Natasha completely misses you.
The crimson imp hits you but does no damage.
Natasha completely misses you. The crimson imp misses you.
You riposte.
You closely miss the crimson imp.
The crimson imp is severely wounded.
You barely miss Natasha. You tail-slap Natasha.
Natasha is lightly wounded.
Natasha claws you!
* * * LOW HITPOINT WARNING * * *
The crimson imp hits you but does no damage.
Unknown command.
It was a potion of flight.
You feel very buoyant.
You fly up into the air.
Natasha howls an incantation.
Natasha shimmers violently.
Natasha claws you.
You die...

....### #####...........
.....(###...............
....#..#....(...........
....†................##
......5....†....<....#
.....h.h...##....!...#
.....#......#........!..
....##....#.#[.##5#####$
)...5...#.#....h@......<
.....$..#..########.....
..........$.. #.##<
.......).....#
...........#.#
.............. ......


You could see Natasha and a crimson imp.

Vanquished Creatures
  An ooze (D:1)
  A worm (D:2)
  A ball python (D:2)
  3 hobgoblins (D:1)
  3 bats
  6 frilled lizards
  4 goblins
  4 kobolds
  2 rats
25 creatures vanquished.

Notes
Turn   | Place    | Note
-------+----------+-------------------------------------------
     0 | D:1      | KristoblXynda the Draconian Gladiator began the quest for the Orb.
     0 | D:1      | Reached XP level 1. HP: 17/17 MP: 1/1
   259 | D:1      | Reached XP level 2. HP: 18/24 MP: 2/2
  1038 | D:2      | Noticed Natasha
  1047 | D:2      | Noticed a crimson imp
  1047 | D:2      | Reached XP level 3. HP: 28/29 MP: 3/3
  1058 | D:2      | HP: 1/29 [Natasha (9)]
  1059 | D:2      | Slain by Natasha

Vault maps used:
D:1:      sevenhm_arrival_forest_fort_large_4
D:2:      minmay_octomino_c4, uniq_crazy_yiuf_cottage, uniq_natasha

Skill      XL: |  1  2 |
---------------+-------+-----
Throwing       | 2 |  2.0
Dodging        | 3 |  3.1
Fighting       | |  2.1
Long Blades    | |  3.7

Action                   || total
-------------------------++-------
Melee: Long sword        ||    67
       Tailslap          ||    11
  Use: Potion            ||     1
 Stab: Sleeping          ||     1
Armor: Skin              ||    23
Dodge: Dodged            ||    57
       Rpst.: Long sword ||    18

Table legend:
 A = Spawn XP
 B = Non-spawn XP
 C = Spawn XP percentage of total XP
 D = Spawn monster count
 E = Non-spawn monster count
 F = Spawn count percentage of total count
 G = Total turns spent on level
                    A         B        C        D         E        F      G
               +---------+---------+-------+---------+---------+-------+---------
         Total |       0 |      42 |   0.0 |       0 |      25 |   0.0 |  1059
               +---------+---------+-------+---------+---------+-------+---------
           D:1 |       0 |      28 |   0.0 |       0 |      17 |   0.0 |   834
           D:2 |       0 |      14 |   0.0 |       0 |       8 |   0.0 |   225
               +---------+---------+-------+---------+---------+-------+---------
